[ PARTIDA AOE2 · #478661813 ]
UnrankedMaya vs Khmer
Equipo del jugador · DERR
[ ANÁLISIS DE REPETICIÓN · EXTRAÍDO DE LA PARTIDA GRABADA ]
Feudal
11:01
Castillos
14:56
Imperial
—
| APM promedio | 59.2 |
| APM pico | 89 |
| eAPM promedio | 37.2 |
| Aldeanos / militares | 372 / 142 |
Foco
⚔️ 36.8% · 🌾 63.2%
Plumed Archer ×64 · Eagle Scout ×31 · Monk ×22 · Spearman ×16 · Mangonel ×5 · Battering Ram ×4
Feudal
11:30
Castillos
19:39
Imperial
—
| APM promedio | 15.6 |
| APM pico | 68 |
| eAPM promedio | 8.4 |
| Aldeanos / militares | 36 / 13 |
Foco
⚔️ 28.4% · 🌾 71.6%
Spearman ×13
Feudal
11:31
Castillos
14:31
Imperial
32:17
| APM promedio | 29.8 |
| APM pico | 64 |
| eAPM promedio | 18.1 |
| Aldeanos / militares | 169 / 155 |
Foco
⚔️ 33.7% · 🌾 66.3%
Scout Cavalry ×73 · Battle Elephant ×49 · Knight ×31 · Monk ×2
Feudal
11:24
Castillos
16:12
Imperial
36:35
| APM promedio | 28.2 |
| APM pico | 67 |
| eAPM promedio | 14.3 |
| Aldeanos / militares | 101 / 138 |
Foco
⚔️ 35.1% · 🌾 64.9%
Chu Ko Nu ×116 · Battering Ram ×18 · Petard ×4 · Trade Cart ×2
Feudal
—
Castillos
—
Imperial
—
| APM promedio | 22.3 |
| APM pico | 54 |
| eAPM promedio | 17.7 |
| Aldeanos / militares | 119 / 73 |
Foco
⚔️ 18.2% · 🌾 81.8%
War Elephant ×54 · Knight ×15 · Spearman ×2 · Trebuchet (Packed) ×2
Feudal
9:30
Castillos
13:08
Imperial
38:41
| APM promedio | 39.4 |
| APM pico | 70 |
| eAPM promedio | 17.4 |
| Aldeanos / militares | 171 / 78 |
Foco
⚔️ 23.6% · 🌾 76.4%
Scorpion ×52 · Battering Ram ×18 · Militia ×8
Feudal
12:01
Castillos
16:46
Imperial
32:00
| APM promedio | 14.2 |
| APM pico | 57 |
| eAPM promedio | 9.2 |
| Aldeanos / militares | 191 / 23 |
Foco
⚔️ 9.0% · 🌾 91.0%
Genoese Crossbowman ×18 · Skirmisher ×5
Feudal
11:03
Castillos
15:03
Imperial
27:41
| APM promedio | 32.1 |
| APM pico | 74 |
| eAPM promedio | 20.2 |
| Aldeanos / militares | 151 / 138 |
Foco
⚔️ 35.6% · 🌾 64.4%
Spearman ×77 · Mangonel ×34 · Battering Ram ×15 · Bombard Cannon ×10 · Trebuchet (Packed) ×2
Mapa de la partida
Recursos iniciales + cada clic de construcción. Líneas = muros · curvas = relieve. ◆ oro · ⬟ piedra · ● bayas · ✦ reliquia · ◌ hueco del cierre
Tu base· ✓ Cerrada en 14:56 · 0t muro · 2 puerta(s)
Base de Rett Mikhal· ✓ Cerrada en 19:39 · 0t muro · 3 puerta(s)
Base de PorT_Lithium· ✓ Cerrada en 14:31 · 0t muro · 2 puerta(s)
Base de PorT_Oligarva· ✓ Cerrada en 16:12 · 0t muro · 2 puerta(s)
Base de NorthCombattant· ✓ Cerrada en 14:42 · 0t muro · 2 puerta(s)
Base de PorT_Lobo· ✓ Cerrada en 13:08 · 0t muro · 3 puerta(s)
Base de pedrotavares123· ✓ Cerrada en 16:46 · 0t muro · 3 puerta(s)
Base de darkvandar· ✓ Cerrada en 15:03 · 0t muro · 3 puerta(s)
Terreno inicial suavizado · ◌ = hueco del cierre detectado · pasá el cursor para detalles
Inputs por minuto
— edengr7 - - Rett Mikhal
Build order — edengr7
Primeras 150 de 615 acciones detectadas
| 0:02 | Crear | Villager (Male) |
| 0:02 | Crear | Villager (Male) |
| 0:02 | Crear | Villager (Male) |
| 0:05 | Investigar | Loom |
| 0:06 | Investigar | Loom |
| 0:07 | Construir | House |
| 0:08 | Construir | House |
| 0:26 | Crear | Villager (Male) |
| 0:27 | Crear | Villager (Male) |
| 0:27 | Crear | Villager (Male) |
| 1:30 | Crear | Villager (Male) |
| 2:35 | Crear | Villager (Male) |
| 2:36 | Crear | Villager (Male) |
| 2:36 | Crear | Villager (Male) |
| 2:36 | Crear | Villager (Male) |
| 3:17 | Crear | Villager (Male) |
| 3:17 | Crear | Villager (Male) |
| 3:25 | Crear | Villager (Male) |
| 3:25 | Crear | Villager (Male) |
| 4:03 | Construir | House |
| 4:44 | Crear | Villager (Male) |
| 4:44 | Crear | Villager (Male) |
| 4:45 | Crear | Villager (Male) |
| 4:50 | Crear | Villager (Male) |
| 4:57 | Crear | Villager (Male) |
| 4:58 | Crear | Villager (Male) |
| 4:58 | Crear | Villager (Male) |
| 4:58 | Crear | Villager (Male) |
| 4:59 | Crear | Villager (Male) |
| 5:14 | Crear | Villager (Male) |
| 5:14 | Crear | Villager (Male) |
| 5:20 | Crear | Villager (Male) |
| 5:20 | Crear | Villager (Male) |
| 5:22 | Crear | Villager (Male) |
| 5:22 | Crear | Villager (Male) |
| 5:24 | Crear | Villager (Male) |
| 5:24 | Crear | Villager (Male) |
| 5:28 | Crear | Villager (Male) |
| 5:32 | Crear | Villager (Male) |
| 5:34 | Crear | Villager (Male) |
| 5:34 | Crear | Villager (Male) |
| 5:38 | Crear | Villager (Male) |
| 5:38 | Crear | Villager (Male) |
| 5:41 | Crear | Villager (Male) |
| 5:41 | Crear | Villager (Male) |
| 5:46 | Crear | Villager (Male) |
| 5:46 | Crear | Villager (Male) |
| 5:49 | Crear | Villager (Male) |
| 5:49 | Crear | Villager (Male) |
| 5:52 | Crear | Villager (Male) |
| 5:53 | Crear | Villager (Male) |
| 6:02 | Construir | Lumber Camp |
| 6:04 | Crear | Villager (Male) |
| 6:05 | Crear | Villager (Male) |
| 6:31 | Crear | Villager (Male) |
| 6:32 | Crear | Villager (Male) |
| 6:33 | Crear | Villager (Male) |
| 6:33 | Crear | Villager (Male) |
| 6:36 | Crear | Villager (Male) |
| 6:36 | Crear | Villager (Male) |
| 6:36 | Crear | Villager (Male) |
| 6:40 | Construir | House |
| 6:51 | Crear | Villager (Male) |
| 6:51 | Crear | Villager (Male) |
| 6:53 | Crear | Villager (Male) |
| 6:53 | Crear | Villager (Male) |
| 7:11 | Crear | Villager (Male) |
| 7:15 | Crear | Villager (Male) |
| 7:15 | Crear | Villager (Male) |
| 7:18 | Crear | Villager (Male) |
| 7:19 | Crear | Villager (Male) |
| 7:21 | Crear | Villager (Male) |
| 7:22 | Crear | Villager (Male) |
| 7:23 | Crear | Villager (Male) |
| 7:23 | Crear | Villager (Male) |
| 7:35 | Crear | Villager (Male) |
| 7:36 | Crear | Villager (Male) |
| 7:37 | Crear | Villager (Male) |
| 7:37 | Crear | Villager (Male) |
| 7:37 | Crear | Villager (Male) |
| 7:38 | Crear | Villager (Male) |
| 7:38 | Crear | Villager (Male) |
| 7:42 | Crear | Villager (Male) |
| 7:42 | Crear | Villager (Male) |
| 7:43 | Crear | Villager (Male) |
| 7:47 | Crear | Villager (Male) |
| 7:47 | Crear | Villager (Male) |
| 7:47 | Crear | Villager (Male) |
| 7:51 | Crear | Villager (Male) |
| 7:51 | Crear | Villager (Male) |
| 8:06 | Construir | Mill |
| 8:07 | Crear | Villager (Male) |
| 8:07 | Crear | Villager (Male) |
| 8:12 | Crear | Villager (Male) |
| 8:12 | Crear | Villager (Male) |
| 8:15 | Crear | Villager (Male) |
| 8:23 | Crear | Villager (Male) |
| 8:23 | Crear | Villager (Male) |
| 8:26 | Crear | Villager (Male) |
| 8:34 | Investigar | Feudal Age |
| 8:34 | Investigar | Feudal Age |
| 8:50 | Construir | Mining Camp |
| 9:11 | Construir | House |
| 9:13 | Construir | House |
| 9:26 | Crear | Villager (Male) |
| 9:27 | Crear | Villager (Male) |
| 9:29 | Crear | Villager (Male) |
| 9:30 | Crear | Villager (Male) |
| 9:32 | Crear | Villager (Male) |
| 9:32 | Crear | Villager (Male) |
| 9:48 | Crear | Villager (Male) |
| 9:48 | Crear | Villager (Male) |
| 9:52 | Crear | Villager (Male) |
| 9:52 | Crear | Villager (Male) |
| 9:58 | Crear | Villager (Male) |
| 9:58 | Crear | Villager (Male) |
| 9:59 | Crear | Villager (Male) |
| 9:59 | Crear | Villager (Male) |
| 10:01 | Crear | Villager (Male) |
| 10:04 | Crear | Villager (Male) |
| 10:04 | Crear | Villager (Male) |
| 10:09 | Crear | Villager (Male) |
| 10:09 | Crear | Villager (Male) |
| 10:09 | Crear | Villager (Male) |
| 10:22 | Crear | Villager (Male) |
| 10:22 | Crear | Villager (Male) |
| 10:24 | Crear | Villager (Male) |
| 10:27 | Crear | Villager (Male) |
| 10:30 | Crear | Villager (Male) |
| 10:31 | Crear | Villager (Male) |
| 10:35 | Crear | Villager (Male) |
| 10:42 | Crear | Villager (Male) |
| 10:49 | Crear | Villager (Male) |
| 10:49 | Crear | Villager (Male) |
| 10:52 | Crear | Villager (Male) |
| 10:57 | Crear | Villager (Male) |
| 10:58 | Crear | Villager (Male) |
| 11:01 | Edad | Edad Feudal |
| 11:06 | Construir | Market |
| 11:11 | Crear | Villager (Male) |
| 11:11 | Crear | Villager (Male) |
| 11:17 | Construir | Blacksmith |
| 11:20 | Crear | Villager (Male) |
| 11:32 | Crear | Villager (Male) |
| 11:33 | Crear | Villager (Male) |
| 11:33 | Crear | Villager (Male) |
| 11:36 | Crear | Villager (Male) |
| 11:36 | Crear | Villager (Male) |
| 11:37 | Crear | Villager (Male) |
| 11:37 | Crear | Villager (Male) |
Build order — Rett Mikhal
107 acciones detectadas en el replay
| 0:02 | Crear | Villager (Male) |
| 0:02 | Crear | Villager (Male) |
| 0:02 | Crear | Villager (Male) |
| 0:03 | Crear | Villager (Male) |
| 0:04 | Construir | House |
| 0:05 | Construir | House |
| 1:33 | Crear | Villager (Male) |
| 1:44 | Construir | House |
| 1:49 | Construir | Lumber Camp |
| 1:54 | Crear | Villager (Male) |
| 2:27 | Crear | Villager (Male) |
| 2:29 | Investigar | Loom |
| 3:30 | Crear | Villager (Male) |
| 3:31 | Crear | Villager (Male) |
| 4:00 | Crear | Villager (Male) |
| 4:26 | Crear | Villager (Male) |
| 4:49 | Construir | House |
| 5:03 | Crear | Villager (Male) |
| 5:03 | Crear | Villager (Male) |
| 5:38 | Construir | Mill |
| 5:51 | Crear | Villager (Male) |
| 6:16 | Crear | Villager (Male) |
| 6:18 | Crear | Villager (Male) |
| 6:28 | Construir | House |
| 6:44 | Crear | Villager (Male) |
| 6:45 | Crear | Villager (Male) |
| 7:44 | Construir | Mining Camp |
| 7:55 | Crear | Villager (Male) |
| 8:08 | Construir | Mining Camp |
| 8:25 | Crear | Villager (Male) |
| 8:28 | Construir | Lumber Camp |
| 8:36 | Crear | Villager (Male) |
| 9:14 | Investigar | Feudal Age |
| 9:39 | Construir | House |
| 9:42 | Construir | Barracks |
| 9:43 | Construir | House |
| 11:16 | Construir | House |
| 11:30 | Edad | Edad Feudal |
| 11:30 | Investigar | Wheelbarrow |
| 11:32 | Investigar | Double-Bit Axe |
| 11:37 | Construir | Blacksmith |
| 11:40 | Construir | Market |
| 11:46 | Crear | Villager (Male) |
| 11:46 | Crear | Villager (Male) |
| 11:46 | Crear | Villager (Male) |
| 11:47 | Crear | Villager (Male) |
| 11:47 | Crear | Villager (Male) |
| 12:03 | Crear | Spearman |
| 12:15 | Construir | Farm |
| 12:15 | Construir | Farm |
| 12:15 | Construir | Farm |
| 12:15 | Construir | Farm |
| 12:16 | Construir | Farm |
| 12:24 | Investigar | Horse Collar |
| 12:24 | Investigar | Horse Collar |
| 12:49 | Construir | Farm |
| 13:02 | Construir | Farm |
| 13:22 | Crear | Spearman |
| 14:06 | Crear | Spearman |
| 14:07 | Crear | Spearman |
| 14:11 | Construir | Farm |
| 14:20 | Crear | Villager (Male) |
| 14:21 | Crear | Villager (Male) |
| 14:41 | Construir | Farm |
| 14:41 | Construir | Farm |
| 14:41 | Construir | Farm |
| 14:42 | Construir | Farm |
| 15:04 | Crear | Villager (Male) |
| 15:07 | Construir | Farm |
| 15:13 | Construir | Farm |
| 15:31 | Construir | Farm |
| 15:35 | Crear | Villager (Male) |
| 15:39 | Construir | Farm |
| 16:13 | Construir | Farm |
| 16:14 | Construir | Farm |
| 16:38 | Construir | Farm |
| 16:59 | Investigar | Castle Age |
| 17:10 | Construir | Watch Tower |
| 17:18 | Construir | Barracks |
| 17:40 | Construir | Watch Tower |
| 18:06 | Crear | Spearman |
| 18:07 | Crear | Spearman |
| 18:19 | Investigar | Fletching |
| 18:21 | Crear | Spearman |
| 18:22 | Crear | Spearman |
| 18:23 | Crear | Spearman |
| 18:58 | Crear | Spearman |
| 19:01 | Investigar | Scale Mail Armor |
| 19:03 | Crear | Spearman |
| 19:04 | Crear | Spearman |
| 19:39 | Edad | Edad de los Castillos |
| 19:58 | Investigar | Pikeman (upgrade) |
| 20:26 | Crear | Villager (Male) |
| 20:32 | Crear | Villager (Male) |
| 21:01 | Crear | Spearman |
| 23:12 | Construir | Lumber Camp |
| 27:25 | Construir | Town Center |
| 29:04 | Construir | Farm |
| 30:10 | Crear | Villager (Male) |
| 30:13 | Construir | Farm |
| 30:57 | Construir | Farm |
| 31:20 | Crear | Villager (Male) |
| 31:23 | Construir | Farm |
| 32:15 | Construir | Farm |
| 32:18 | Crear | Villager (Male) |
| 33:09 | Construir | Farm |
| 33:12 | Crear | Villager (Male) |
Build order — PorT_Lithium
Primeras 150 de 439 acciones detectadas
| 0:01 | Crear | Villager (Male) |
| 0:02 | Crear | Villager (Male) |
| 0:02 | Crear | Villager (Male) |
| 0:02 | Crear | Villager (Male) |
| 0:02 | Crear | Villager (Male) |
| 0:05 | Construir | House |
| 0:07 | Construir | House |
| 1:36 | Crear | Villager (Male) |
| 2:03 | Construir | Lumber Camp |
| 2:06 | Crear | Villager (Male) |
| 2:06 | Crear | Villager (Male) |
| 2:16 | Crear | Villager (Male) |
| 2:58 | Crear | Villager (Male) |
| 3:24 | Crear | Villager (Male) |
| 3:24 | Crear | Villager (Male) |
| 3:27 | Construir | House |
| 3:28 | Construir | House |
| 3:48 | Crear | Villager (Male) |
| 4:15 | Crear | Villager (Male) |
| 4:15 | Crear | Villager (Male) |
| 4:26 | Construir | Mill |
| 4:46 | Crear | Villager (Male) |
| 4:46 | Crear | Villager (Male) |
| 5:26 | Crear | Villager (Male) |
| 5:26 | Crear | Villager (Male) |
| 5:40 | Crear | Villager (Male) |
| 6:00 | Construir | House |
| 6:20 | Construir | Farm |
| 6:22 | Construir | Farm |
| 6:25 | Construir | Farm |
| 6:25 | Crear | Villager (Male) |
| 6:25 | Crear | Villager (Male) |
| 6:58 | Crear | Villager (Male) |
| 6:59 | Crear | Villager (Male) |
| 7:19 | Construir | Mining Camp |
| 7:29 | Crear | Villager (Male) |
| 7:37 | Crear | Villager (Male) |
| 8:41 | Crear | Villager (Male) |
| 8:59 | Construir | House |
| 9:07 | Investigar | Feudal Age |
| 11:22 | Construir | House |
| 11:31 | Edad | Edad Feudal |
| 11:37 | Construir | Stable |
| 11:51 | Investigar | Castle Age |
| 12:09 | Investigar | Horse Collar |
| 12:38 | Investigar | Double-Bit Axe |
| 12:50 | Crear | Scout Cavalry |
| 12:58 | Construir | Farm |
| 13:10 | Construir | Farm |
| 13:12 | Construir | Farm |
| 13:16 | Construir | Farm |
| 13:27 | Construir | Farm |
| 13:31 | Construir | Farm |
| 13:32 | Crear | Villager (Male) |
| 13:47 | Construir | House |
| 14:23 | Construir | Farm |
| 14:31 | Edad | Edad de los Castillos |
| 14:43 | Crear | Knight |
| 14:43 | Crear | Knight |
| 14:47 | Crear | Villager (Male) |
| 14:47 | Crear | Villager (Male) |
| 14:54 | Investigar | Heavy Plow |
| 15:19 | Investigar | Bow Saw |
| 15:21 | Crear | Knight |
| 15:51 | Crear | Knight |
| 16:05 | Crear | Knight |
| 16:05 | Crear | Knight |
| 16:14 | Crear | Villager (Male) |
| 16:14 | Crear | Villager (Male) |
| 16:20 | Construir | Farm |
| 16:28 | Crear | Villager (Male) |
| 16:34 | Construir | Farm |
| 16:44 | Crear | Knight |
| 16:53 | Crear | Villager (Male) |
| 16:57 | Construir | Farm |
| 17:11 | Construir | Farm |
| 17:16 | Crear | Knight |
| 17:22 | Construir | Farm |
| 17:24 | Crear | Villager (Male) |
| 18:25 | Crear | Knight |
| 18:25 | Crear | Knight |
| 18:25 | Crear | Villager (Male) |
| 18:26 | Crear | Villager (Male) |
| 18:47 | Crear | Knight |
| 18:54 | Construir | Blacksmith |
| 18:55 | Crear | Villager (Male) |
| 19:01 | Construir | Farm |
| 19:01 | Construir | Farm |
| 19:04 | Construir | Farm |
| 19:41 | Crear | Knight |
| 19:47 | Construir | House |
| 19:48 | Construir | House |
| 19:49 | Investigar | Scale Barding Armor |
| 19:49 | Investigar | Forging |
| 19:51 | Crear | Villager (Male) |
| 19:54 | Crear | Villager (Male) |
| 19:59 | Construir | Farm |
| 20:00 | Construir | Farm |
| 20:04 | Construir | Farm |
| 20:05 | Construir | Farm |
| 20:06 | Crear | Villager (Male) |
| 20:11 | Crear | Knight |
| 20:12 | Crear | Knight |
| 21:02 | Crear | Knight |
| 21:02 | Crear | Knight |
| 21:09 | Crear | Villager (Male) |
| 21:09 | Crear | Villager (Male) |
| 21:09 | Crear | Villager (Male) |
| 21:10 | Crear | Villager (Male) |
| 21:15 | Construir | House |
| 21:15 | Construir | House |
| 21:17 | Construir | House |
| 21:39 | Crear | Knight |
| 21:40 | Crear | Knight |
| 21:58 | Construir | Mining Camp |
| 22:04 | Crear | Knight |
| 22:04 | Crear | Knight |
| 22:23 | Crear | Knight |
| 22:24 | Crear | Villager (Male) |
| 22:24 | Crear | Villager (Male) |
| 23:01 | Crear | Knight |
| 23:02 | Crear | Knight |
| 23:03 | Crear | Villager (Male) |
| 23:11 | Construir | House |
| 23:23 | Construir | Town Center |
| 23:29 | Crear | Villager (Male) |
| 23:29 | Crear | Villager (Male) |
| 23:31 | Crear | Knight |
| 24:26 | Crear | Knight |
| 24:27 | Crear | Knight |
| 24:28 | Crear | Knight |
| 24:35 | Construir | Stable |
| 24:37 | Crear | Villager (Male) |
| 24:38 | Crear | Villager (Male) |
| 24:42 | Crear | Villager (Male) |
| 24:42 | Crear | Villager (Male) |
| 24:43 | Crear | Villager (Male) |
| 25:19 | Crear | Knight |
| 25:19 | Crear | Knight |
| 25:31 | Crear | Villager (Male) |
| 25:31 | Crear | Villager (Male) |
| 25:40 | Construir | Town Center |
| 25:41 | Crear | Villager (Male) |
| 25:41 | Crear | Villager (Male) |
| 25:44 | Crear | Villager (Male) |
| 25:51 | Construir | Stable |
| 26:03 | Crear | Knight |
| 26:05 | Crear | Knight |
| 27:02 | Crear | Villager (Male) |
| 27:02 | Crear | Villager (Male) |
Build order — PorT_Oligarva
Primeras 150 de 341 acciones detectadas
| 0:18 | Investigar | Loom |
| 0:50 | Crear | Villager (Male) |
| 1:32 | Crear | Villager (Male) |
| 1:32 | Crear | Villager (Male) |
| 1:55 | Crear | Villager (Male) |
| 2:24 | Crear | Villager (Male) |
| 2:38 | Crear | Villager (Male) |
| 3:08 | Crear | Villager (Male) |
| 3:23 | Crear | Villager (Male) |
| 3:48 | Crear | Villager (Male) |
| 3:56 | Crear | Villager (Male) |
| 4:29 | Crear | Villager (Male) |
| 4:34 | Construir | House |
| 4:39 | Construir | House |
| 5:14 | Crear | Villager (Male) |
| 5:17 | Crear | Villager (Male) |
| 6:01 | Crear | Villager (Male) |
| 6:09 | Crear | Villager (Male) |
| 6:22 | Crear | Villager (Male) |
| 7:05 | Crear | Villager (Male) |
| 7:24 | Crear | Villager (Male) |
| 7:58 | Construir | Lumber Camp |
| 8:00 | Crear | Villager (Male) |
| 8:20 | Construir | Mining Camp |
| 8:29 | Construir | House |
| 8:59 | Construir | Mill |
| 9:10 | Crear | Villager (Male) |
| 9:13 | Investigar | Feudal Age |
| 9:47 | Crear | Villager (Male) |
| 11:01 | Crear | Villager (Male) |
| 11:24 | Edad | Edad Feudal |
| 11:47 | Construir | Market |
| 11:51 | Construir | Blacksmith |
| 11:55 | Construir | House |
| 11:57 | Construir | House |
| 11:58 | Construir | House |
| 12:01 | Construir | Farm |
| 12:11 | Crear | Villager (Male) |
| 12:23 | Construir | Mining Camp |
| 12:40 | Crear | Villager (Male) |
| 13:08 | Construir | Farm |
| 13:32 | Investigar | Castle Age |
| 14:01 | Crear | Villager (Male) |
| 14:12 | Construir | Farm |
| 14:13 | Construir | Farm |
| 14:17 | Construir | Farm |
| 14:18 | Construir | Farm |
| 14:47 | Construir | Farm |
| 14:56 | Investigar | Double-Bit Axe |
| 15:30 | Crear | Villager (Male) |
| 16:12 | Edad | Edad de los Castillos |
| 16:16 | Crear | Villager (Male) |
| 16:30 | Investigar | Horse Collar |
| 16:40 | Construir | Town Center |
| 16:44 | Construir | Farm |
| 16:46 | Crear | Villager (Male) |
| 17:11 | Crear | Villager (Male) |
| 17:28 | Crear | Villager (Male) |
| 17:32 | Construir | Farm |
| 17:49 | Construir | Castle |
| 17:52 | Crear | Villager (Male) |
| 17:56 | Construir | Farm |
| 17:59 | Construir | Farm |
| 18:11 | Crear | Villager (Male) |
| 18:46 | Crear | Villager (Male) |
| 18:46 | Crear | Villager (Male) |
| 18:46 | Crear | Villager (Male) |
| 18:48 | Construir | Farm |
| 18:49 | Construir | Farm |
| 18:54 | Crear | Villager (Male) |
| 19:11 | Crear | Chu Ko Nu |
| 19:11 | Crear | Chu Ko Nu |
| 19:12 | Crear | Chu Ko Nu |
| 19:19 | Crear | Villager (Male) |
| 19:21 | Construir | Farm |
| 19:24 | Construir | Farm |
| 19:29 | Crear | Villager (Male) |
| 19:32 | Crear | Chu Ko Nu |
| 19:33 | Crear | Chu Ko Nu |
| 19:50 | Crear | Petard |
| 20:01 | Construir | Farm |
| 20:02 | Construir | Farm |
| 20:04 | Crear | Villager (Male) |
| 20:15 | Construir | Farm |
| 20:16 | Crear | Villager (Male) |
| 20:20 | Crear | Villager (Male) |
| 20:31 | Crear | Chu Ko Nu |
| 20:37 | Crear | Petard |
| 20:39 | Crear | Chu Ko Nu |
| 20:44 | Crear | Villager (Male) |
| 20:55 | Crear | Villager (Male) |
| 21:04 | Crear | Villager (Male) |
| 21:07 | Crear | Chu Ko Nu |
| 21:07 | Crear | Chu Ko Nu |
| 21:13 | Crear | Chu Ko Nu |
| 21:22 | Crear | Villager (Male) |
| 21:23 | Crear | Villager (Male) |
| 21:34 | Crear | Chu Ko Nu |
| 21:42 | Investigar | Fletching |
| 21:52 | Construir | Town Center |
| 21:55 | Construir | Farm |
| 21:57 | Construir | Farm |
| 21:59 | Crear | Villager (Male) |
| 22:00 | Crear | Villager (Male) |
| 22:06 | Construir | Farm |
| 22:12 | Crear | Chu Ko Nu |
| 22:12 | Crear | Chu Ko Nu |
| 22:13 | Crear | Chu Ko Nu |
| 22:13 | Crear | Chu Ko Nu |
| 22:20 | Investigar | Padded Archer Armor |
| 22:26 | Crear | Villager (Male) |
| 22:31 | Construir | Farm |
| 22:33 | Construir | Farm |
| 22:40 | Crear | Villager (Male) |
| 22:45 | Crear | Chu Ko Nu |
| 22:46 | Crear | Chu Ko Nu |
| 23:00 | Construir | Farm |
| 23:11 | Construir | Farm |
| 23:15 | Crear | Villager (Male) |
| 23:16 | Crear | Villager (Male) |
| 23:16 | Crear | Villager (Male) |
| 23:24 | Crear | Villager (Male) |
| 23:24 | Crear | Villager (Male) |
| 23:27 | Crear | Chu Ko Nu |
| 23:28 | Crear | Chu Ko Nu |
| 24:09 | Crear | Chu Ko Nu |
| 24:09 | Crear | Chu Ko Nu |
| 24:10 | Crear | Chu Ko Nu |
| 24:10 | Crear | Chu Ko Nu |
| 24:10 | Crear | Chu Ko Nu |
| 24:51 | Crear | Chu Ko Nu |
| 24:52 | Crear | Chu Ko Nu |
| 24:52 | Crear | Chu Ko Nu |
| 25:11 | Crear | Chu Ko Nu |
| 25:11 | Crear | Chu Ko Nu |
| 26:16 | Crear | Villager (Male) |
| 26:16 | Crear | Villager (Male) |
| 26:17 | Investigar | Wheelbarrow |
| 26:18 | Crear | Villager (Male) |
| 26:18 | Crear | Villager (Male) |
| 26:18 | Crear | Villager (Male) |
| 26:23 | Construir | Farm |
| 26:25 | Crear | Villager (Male) |
| 26:26 | Crear | Villager (Male) |
| 26:26 | Crear | Villager (Male) |
| 26:26 | Crear | Villager (Male) |
| 26:27 | Crear | Villager (Male) |
| 26:32 | Investigar | Bodkin Arrow |
| 27:00 | Crear | Petard |
| 27:04 | Crear | Petard |
Build order — NorthCombattant
Primeras 150 de 370 acciones detectadas
| 0:01 | Crear | Villager (Male) |
| 0:02 | Crear | Villager (Male) |
| 0:02 | Crear | Villager (Male) |
| 0:04 | Construir | House |
| 0:06 | Construir | House |
| 0:29 | Crear | Villager (Male) |
| 0:29 | Crear | Villager (Male) |
| 1:36 | Crear | Villager (Male) |
| 2:09 | Crear | Villager (Male) |
| 2:35 | Crear | Villager (Male) |
| 2:35 | Crear | Villager (Male) |
| 2:56 | Construir | House |
| 2:57 | Construir | House |
| 2:58 | Construir | House |
| 2:59 | Construir | House |
| 3:09 | Crear | Villager (Male) |
| 3:09 | Crear | Villager (Male) |
| 3:25 | Construir | Mill |
| 3:30 | Crear | Villager (Male) |
| 4:13 | Crear | Villager (Male) |
| 4:13 | Crear | Villager (Male) |
| 4:28 | Crear | Villager (Male) |
| 4:28 | Crear | Villager (Male) |
| 4:34 | Construir | House |
| 4:59 | Crear | Villager (Male) |
| 5:00 | Crear | Villager (Male) |
| 5:01 | Crear | Villager (Male) |
| 5:22 | Construir | Lumber Camp |
| 5:34 | Crear | Villager (Male) |
| 5:34 | Crear | Villager (Male) |
| 5:35 | Crear | Villager (Male) |
| 6:42 | Crear | Villager (Male) |
| 6:42 | Crear | Villager (Male) |
| 7:15 | Crear | Villager (Male) |
| 7:38 | Crear | Villager (Male) |
| 8:02 | Crear | Villager (Male) |
| 8:58 | Crear | Villager (Male) |
| 9:27 | Investigar | Feudal Age |
| 9:45 | Construir | Lumber Camp |
| 11:13 | Construir | Farm |
| 11:13 | Construir | Farm |
| 11:13 | Construir | Farm |
| 11:13 | Construir | Farm |
| 11:14 | Construir | Farm |
| 11:15 | Construir | Farm |
| 11:15 | Construir | Farm |
| 11:35 | Crear | Villager (Male) |
| 11:35 | Crear | Villager (Male) |
| 11:48 | Construir | Market |
| 11:53 | Construir | Blacksmith |
| 12:05 | Crear | Villager (Male) |
| 12:06 | Crear | Villager (Male) |
| 12:06 | Crear | Villager (Male) |
| 12:07 | Crear | Villager (Male) |
| 12:19 | Construir | Farm |
| 12:21 | Construir | Farm |
| 12:23 | Construir | Farm |
| 12:27 | Construir | Farm |
| 12:29 | Construir | Farm |
| 12:30 | Construir | Farm |
| 12:45 | Construir | House |
| 12:47 | Construir | House |
| 12:49 | Construir | Farm |
| 13:46 | Construir | Farm |
| 13:48 | Construir | Farm |
| 13:52 | Crear | Villager (Male) |
| 14:04 | Construir | Barracks |
| 14:42 | Investigar | Castle Age |
| 15:31 | Investigar | Double-Bit Axe |
| 16:28 | Crear | Villager (Male) |
| 16:29 | Crear | Villager (Male) |
| 17:12 | Construir | Town Center |
| 17:18 | Investigar | Bow Saw |
| 17:31 | Crear | Villager (Male) |
| 17:31 | Crear | Villager (Male) |
| 17:39 | Construir | Town Center |
| 18:39 | Crear | Villager (Male) |
| 18:40 | Crear | Villager (Male) |
| 18:42 | Crear | Villager (Male) |
| 18:42 | Crear | Villager (Male) |
| 18:43 | Crear | Villager (Male) |
| 18:44 | Crear | Villager (Male) |
| 18:50 | Crear | Villager (Male) |
| 19:41 | Construir | Farm |
| 19:43 | Construir | Farm |
| 19:48 | Construir | Farm |
| 19:49 | Construir | Farm |
| 19:51 | Construir | Farm |
| 19:53 | Crear | Villager (Male) |
| 19:53 | Crear | Villager (Male) |
| 19:57 | Crear | Villager (Male) |
| 20:01 | Crear | Villager (Male) |
| 20:10 | Construir | Stable |
| 20:13 | Construir | Stable |
| 20:14 | Crear | Spearman |
| 20:15 | Crear | Spearman |
| 20:24 | Crear | Villager (Male) |
| 20:24 | Crear | Villager (Male) |
| 20:26 | Crear | Villager (Male) |
| 20:26 | Crear | Villager (Male) |
| 20:28 | Construir | Farm |
| 20:29 | Construir | Farm |
| 20:29 | Construir | Farm |
| 20:29 | Construir | Farm |
| 20:29 | Construir | Farm |
| 20:31 | Construir | Farm |
| 20:39 | Crear | Villager (Male) |
| 20:39 | Crear | Villager (Male) |
| 20:44 | Investigar | Wheelbarrow |
| 20:51 | Crear | Villager (Male) |
| 21:16 | Construir | Monastery |
| 21:19 | Construir | Mining Camp |
| 21:22 | Crear | Villager (Male) |
| 21:24 | Construir | Farm |
| 21:27 | Investigar | Horse Collar |
| 21:40 | Construir | House |
| 21:42 | Construir | House |
| 21:43 | Construir | House |
| 22:00 | Crear | Villager (Male) |
| 22:07 | Crear | Knight |
| 22:07 | Crear | Knight |
| 22:14 | Investigar | Gold Mining |
| 22:28 | Crear | Villager (Male) |
| 22:29 | Crear | Villager (Male) |
| 22:30 | Crear | Villager (Male) |
| 22:34 | Crear | Knight |
| 22:34 | Crear | Knight |
| 22:36 | Investigar | Forging |
| 22:55 | Crear | Knight |
| 23:05 | Crear | Knight |
| 23:20 | Crear | Villager (Male) |
| 23:20 | Crear | Villager (Male) |
| 23:21 | Crear | Villager (Male) |
| 23:23 | Construir | Farm |
| 23:26 | Construir | House |
| 23:27 | Construir | House |
| 23:28 | Construir | House |
| 23:29 | Construir | House |
| 23:29 | Construir | House |
| 23:30 | Construir | House |
| 23:33 | Crear | Villager (Male) |
| 23:38 | Crear | Villager (Male) |
| 23:38 | Crear | Villager (Male) |
| 23:44 | Construir | Mill |
| 23:45 | Construir | Farm |
| 23:46 | Construir | Farm |
| 23:46 | Construir | Farm |
| 23:47 | Construir | Farm |
| 23:48 | Construir | Farm |
| 24:00 | Crear | Knight |
Build order — PorT_Lobo
Primeras 150 de 412 acciones detectadas
| 0:01 | Crear | Villager (Male) |
| 0:01 | Crear | Villager (Male) |
| 0:02 | Crear | Villager (Male) |
| 0:02 | Crear | Villager (Male) |
| 0:02 | Crear | Villager (Male) |
| 0:04 | Construir | House |
| 0:05 | Construir | House |
| 1:22 | Crear | Villager (Male) |
| 1:22 | Crear | Villager (Male) |
| 2:07 | Crear | Villager (Male) |
| 2:07 | Crear | Villager (Male) |
| 2:24 | Construir | Lumber Camp |
| 2:28 | Crear | Villager (Male) |
| 2:29 | Crear | Villager (Male) |
| 2:56 | Crear | Villager (Male) |
| 2:56 | Crear | Villager (Male) |
| 3:03 | Construir | House |
| 3:03 | Construir | House |
| 3:47 | Crear | Villager (Male) |
| 3:47 | Crear | Villager (Male) |
| 3:47 | Crear | Villager (Male) |
| 4:33 | Crear | Villager (Male) |
| 4:42 | Construir | Mill |
| 5:05 | Crear | Villager (Male) |
| 5:05 | Crear | Villager (Male) |
| 5:08 | Crear | Villager (Male) |
| 5:08 | Crear | Villager (Male) |
| 5:09 | Crear | Villager (Male) |
| 5:43 | Construir | Farm |
| 6:50 | Crear | Villager (Male) |
| 6:50 | Crear | Villager (Male) |
| 7:20 | Investigar | Feudal Age |
| 7:59 | Crear | Villager (Male) |
| 8:00 | Investigar | Loom |
| 9:30 | Edad | Edad Feudal |
| 9:36 | Construir | Market |
| 9:41 | Construir | Blacksmith |
| 10:28 | Investigar | Castle Age |
| 11:20 | Investigar | Double-Bit Axe |
| 13:08 | Edad | Edad de los Castillos |
| 13:12 | Construir | Siege Workshop |
| 13:26 | Construir | Siege Workshop |
| 13:32 | Construir | Palisade Wall |
| 13:37 | Construir | Palisade Wall |
| 13:44 | Crear | Villager (Male) |
| 13:45 | Crear | Villager (Male) |
| 13:51 | Investigar | Bow Saw |
| 14:09 | Crear | Villager (Male) |
| 14:09 | Crear | Villager (Male) |
| 14:09 | Crear | Villager (Male) |
| 14:16 | Crear | Battering Ram |
| 14:25 | Crear | Scorpion |
| 14:30 | Construir | House |
| 14:40 | Construir | Farm |
| 14:41 | Construir | Farm |
| 14:43 | Construir | Farm |
| 14:51 | Crear | Villager (Male) |
| 15:09 | Crear | Scorpion |
| 15:20 | Crear | Scorpion |
| 15:21 | Crear | Scorpion |
| 15:38 | Construir | House |
| 15:40 | Crear | Villager (Male) |
| 15:40 | Crear | Villager (Male) |
| 16:12 | Crear | Battering Ram |
| 16:13 | Crear | Scorpion |
| 16:13 | Crear | Scorpion |
| 16:23 | Construir | House |
| 16:28 | Construir | Farm |
| 16:37 | Crear | Scorpion |
| 16:46 | Crear | Villager (Male) |
| 16:47 | Crear | Villager (Male) |
| 16:52 | Crear | Villager (Male) |
| 16:52 | Crear | Villager (Male) |
| 17:16 | Construir | Mining Camp |
| 17:23 | Crear | Scorpion |
| 17:23 | Crear | Scorpion |
| 17:24 | Crear | Villager (Male) |
| 17:24 | Crear | Villager (Male) |
| 17:50 | Construir | House |
| 18:04 | Crear | Scorpion |
| 18:04 | Crear | Scorpion |
| 18:05 | Crear | Villager (Male) |
| 18:05 | Crear | Villager (Male) |
| 18:09 | Construir | Farm |
| 18:34 | Construir | House |
| 18:37 | Crear | Scorpion |
| 18:38 | Crear | Scorpion |
| 18:38 | Crear | Scorpion |
| 19:34 | Crear | Scorpion |
| 19:34 | Crear | Scorpion |
| 19:35 | Crear | Villager (Male) |
| 19:35 | Crear | Villager (Male) |
| 19:35 | Crear | Villager (Male) |
| 19:47 | Crear | Scorpion |
| 19:47 | Crear | Scorpion |
| 19:48 | Crear | Villager (Male) |
| 19:48 | Crear | Villager (Male) |
| 19:55 | Construir | Siege Workshop |
| 20:35 | Construir | Siege Workshop |
| 20:40 | Crear | Scorpion |
| 20:40 | Crear | Scorpion |
| 21:09 | Crear | Scorpion |
| 21:09 | Crear | Scorpion |
| 21:15 | Crear | Villager (Male) |
| 21:15 | Crear | Villager (Male) |
| 21:54 | Construir | House |
| 22:00 | Crear | Battering Ram |
| 22:00 | Crear | Battering Ram |
| 22:01 | Crear | Scorpion |
| 22:01 | Crear | Scorpion |
| 22:05 | Crear | Villager (Male) |
| 22:05 | Crear | Villager (Male) |
| 22:05 | Crear | Villager (Male) |
| 22:14 | Construir | Lumber Camp |
| 22:18 | Construir | Town Center |
| 23:17 | Crear | Battering Ram ×2 |
| 23:17 | Crear | Battering Ram |
| 23:23 | Crear | Villager (Male) |
| 23:25 | Construir | Farm |
| 23:26 | Construir | Farm |
| 23:30 | Construir | Farm |
| 24:05 | Construir | Farm |
| 24:16 | Construir | Mill |
| 24:17 | Construir | Farm |
| 24:18 | Construir | Farm |
| 24:18 | Construir | Farm |
| 24:18 | Construir | Farm |
| 24:18 | Construir | Farm |
| 25:08 | Crear | Scorpion |
| 25:08 | Crear | Scorpion |
| 25:09 | Crear | Scorpion |
| 25:09 | Crear | Scorpion |
| 25:10 | Crear | Scorpion |
| 25:27 | Construir | Farm |
| 25:28 | Construir | Farm |
| 25:30 | Investigar | Wheelbarrow |
| 25:32 | Investigar | Horse Collar |
| 25:59 | Crear | Villager (Male) |
| 25:59 | Crear | Villager (Male) |
| 26:04 | Crear | Villager (Male) |
| 26:13 | Construir | Town Center |
| 26:27 | Construir | Stone Wall |
| 26:36 | Crear | Scorpion |
| 26:36 | Crear | Scorpion |
| 26:55 | Crear | Villager (Male) |
| 27:17 | Investigar | Hand Cart |
| 27:21 | Crear | Villager (Male) |
| 27:39 | Crear | Villager (Male) |
| 27:40 | Crear | Villager (Male) |
| 27:49 | Construir | Farm |
Build order — pedrotavares123
Primeras 150 de 255 acciones detectadas
| 0:03 | Crear | Villager (Male) ×4 |
| 0:07 | Construir | House |
| 0:10 | Construir | House |
| 1:28 | Crear | Villager (Male) |
| 1:28 | Crear | Villager (Male) |
| 1:49 | Construir | Lumber Camp |
| 2:04 | Crear | Villager (Male) |
| 2:04 | Crear | Villager (Male) |
| 2:04 | Crear | Villager (Male) |
| 2:21 | Crear | Villager (Male) |
| 2:21 | Crear | Villager (Male) |
| 2:21 | Crear | Villager (Male) |
| 2:50 | Crear | Villager (Male) |
| 3:09 | Crear | Villager (Male) |
| 3:10 | Crear | Villager (Male) |
| 3:34 | Construir | House |
| 3:38 | Construir | House |
| 3:40 | Construir | House |
| 3:43 | Crear | Villager (Male) |
| 3:43 | Crear | Villager (Male) |
| 3:56 | Crear | Villager (Male) |
| 3:57 | Crear | Villager (Male) |
| 4:26 | Crear | Villager (Male) |
| 4:26 | Crear | Villager (Male) |
| 4:26 | Crear | Villager (Male) |
| 4:46 | Construir | Mill |
| 5:09 | Crear | Villager (Male) |
| 5:20 | Crear | Villager (Male) |
| 5:20 | Crear | Villager (Male) |
| 5:20 | Crear | Villager (Male) |
| 6:06 | Crear | Villager (Male) |
| 6:06 | Crear | Villager (Male) |
| 6:23 | Crear | Villager (Male) |
| 6:23 | Crear | Villager (Male) |
| 6:23 | Crear | Villager (Male) |
| 6:39 | Investigar | Loom |
| 7:02 | Crear | Villager (Male) |
| 7:12 | Crear | Villager (Male) |
| 7:36 | Crear | Villager (Male) |
| 7:37 | Crear | Villager (Male) |
| 8:31 | Construir | Mining Camp |
| 8:53 | Crear | Villager (Male) |
| 9:08 | Construir | Mining Camp |
| 9:19 | Investigar | Feudal Age |
| 10:00 | Construir | House |
| 10:05 | Construir | House |
| 11:33 | Construir | Farm |
| 11:33 | Construir | Farm |
| 11:35 | Construir | Farm |
| 11:41 | Crear | Villager (Male) |
| 11:41 | Crear | Villager (Male) |
| 11:41 | Crear | Villager (Male) |
| 12:01 | Edad | Edad Feudal |
| 12:02 | Investigar | Double-Bit Axe |
| 12:02 | Investigar | Double-Bit Axe |
| 12:17 | Construir | Market |
| 12:25 | Construir | Blacksmith |
| 12:30 | Crear | Villager (Male) |
| 12:48 | Construir | Lumber Camp |
| 13:01 | Construir | Farm |
| 13:03 | Construir | Farm |
| 13:19 | Crear | Villager (Male) |
| 13:49 | Investigar | Castle Age |
| 13:50 | Investigar | Castle Age |
| 14:10 | Investigar | Horse Collar |
| 14:40 | Investigar | Stone Mining |
| 14:55 | Construir | Farm |
| 14:56 | Construir | Farm |
| 14:58 | Construir | Farm |
| 14:59 | Construir | Farm |
| 16:26 | Crear | Villager (Male) |
| 16:26 | Crear | Villager (Male) |
| 16:46 | Edad | Edad de los Castillos |
| 16:49 | Construir | Town Center |
| 16:53 | Crear | Villager (Male) |
| 17:16 | Crear | Villager (Male) |
| 17:27 | Construir | Town Center |
| 17:31 | Crear | Villager (Male) |
| 17:46 | Construir | Farm |
| 17:47 | Construir | Farm |
| 17:48 | Construir | Farm |
| 17:49 | Construir | Farm |
| 17:50 | Construir | Farm |
| 17:52 | Construir | Farm |
| 17:53 | Construir | Farm |
| 17:54 | Construir | Farm |
| 17:58 | Crear | Villager (Male) |
| 18:06 | Crear | Villager (Male) |
| 18:24 | Construir | Town Center |
| 18:28 | Crear | Villager (Male) |
| 18:29 | Crear | Villager (Male) |
| 18:38 | Construir | Farm |
| 18:39 | Construir | Farm |
| 18:40 | Construir | Farm |
| 18:41 | Construir | Farm |
| 18:42 | Construir | Farm |
| 18:43 | Construir | Farm |
| 18:53 | Construir | Castle |
| 18:58 | Investigar | Wheelbarrow |
| 19:15 | Crear | Villager (Male) |
| 19:15 | Crear | Villager (Male) |
| 19:15 | Crear | Villager (Male) |
| 19:24 | Construir | Farm |
| 19:25 | Construir | Farm |
| 19:27 | Construir | Farm |
| 19:31 | Crear | Villager (Male) |
| 19:31 | Crear | Villager (Male) |
| 19:42 | Crear | Villager (Male) |
| 19:42 | Crear | Villager (Male) |
| 19:42 | Crear | Villager (Male) |
| 19:54 | Crear | Villager (Male) |
| 19:54 | Crear | Villager (Male) |
| 20:00 | Crear | Villager (Male) |
| 20:01 | Crear | Villager (Male) |
| 20:07 | Construir | Farm |
| 20:08 | Construir | Farm |
| 20:10 | Construir | Farm |
| 20:12 | Construir | Farm |
| 20:24 | Crear | Villager (Male) |
| 20:24 | Crear | Villager (Male) |
| 20:33 | Crear | Villager (Male) |
| 20:33 | Crear | Villager (Male) |
| 20:34 | Crear | Villager (Male) |
| 20:34 | Crear | Villager (Male) |
| 20:41 | Crear | Villager (Male) |
| 20:41 | Crear | Villager (Male) |
| 20:51 | Crear | Villager (Male) |
| 20:51 | Crear | Villager (Male) |
| 20:58 | Construir | Farm |
| 20:59 | Construir | Farm |
| 21:01 | Construir | Farm |
| 21:02 | Construir | Farm |
| 21:07 | Construir | House |
| 21:08 | Construir | House |
| 21:09 | Construir | House |
| 21:11 | Construir | House |
| 21:16 | Crear | Villager (Male) ×4 |
| 21:16 | Crear | Villager (Male) ×4 |
| 21:25 | Crear | Villager (Male) |
| 21:25 | Crear | Villager (Male) |
| 21:34 | Crear | Villager (Male) |
| 21:34 | Crear | Villager (Male) |
| 21:34 | Crear | Villager (Male) |
| 21:39 | Crear | Villager (Male) |
| 21:39 | Crear | Villager (Male) |
| 21:40 | Crear | Villager (Male) |
| 21:41 | Crear | Villager (Male) |
| 21:44 | Crear | Villager (Male) |
| 21:44 | Crear | Villager (Male) |
| 21:50 | Crear | Villager (Male) |
Build order — darkvandar
Primeras 150 de 469 acciones detectadas
| 0:01 | Crear | Villager (Male) |
| 0:01 | Crear | Villager (Male) |
| 0:02 | Crear | Villager (Male) |
| 0:02 | Crear | Villager (Male) |
| 0:04 | Construir | House |
| 0:05 | Construir | House |
| 1:38 | Crear | Villager (Male) |
| 1:39 | Crear | Villager (Male) |
| 1:48 | Construir | Lumber Camp |
| 2:03 | Crear | Villager (Male) |
| 2:30 | Crear | Villager (Male) |
| 3:02 | Crear | Villager (Male) |
| 3:02 | Crear | Villager (Male) |
| 3:02 | Crear | Villager (Male) |
| 3:53 | Crear | Villager (Male) |
| 3:53 | Crear | Villager (Male) |
| 3:54 | Crear | Villager (Male) |
| 4:13 | Construir | House |
| 4:26 | Construir | House |
| 4:27 | Construir | House |
| 4:35 | Crear | Villager (Male) |
| 4:35 | Crear | Villager (Male) |
| 4:54 | Construir | Mill |
| 5:09 | Crear | Villager (Male) |
| 5:50 | Crear | Villager (Male) |
| 5:51 | Crear | Villager (Male) |
| 5:51 | Crear | Villager (Male) |
| 6:04 | Crear | Villager (Male) |
| 6:27 | Construir | Lumber Camp |
| 6:30 | Crear | Villager (Male) |
| 7:24 | Construir | Farm |
| 7:27 | Construir | Farm |
| 7:31 | Construir | Farm |
| 7:39 | Crear | Villager (Male) |
| 7:48 | Crear | Villager (Male) |
| 7:52 | Construir | Farm |
| 8:32 | Construir | Mining Camp |
| 8:50 | Investigar | Feudal Age |
| 9:30 | Crear | Villager (Male) |
| 9:30 | Crear | Villager (Male) |
| 11:03 | Edad | Edad Feudal |
| 11:09 | Construir | Market |
| 11:12 | Construir | Blacksmith |
| 11:14 | Construir | House |
| 11:53 | Construir | Farm |
| 11:56 | Crear | Villager (Male) |
| 12:21 | Construir | Farm |
| 12:23 | Investigar | Castle Age |
| 12:47 | Investigar | Double-Bit Axe |
| 13:39 | Crear | Villager (Male) |
| 13:39 | Crear | Villager (Male) |
| 13:53 | Investigar | Horse Collar |
| 15:03 | Edad | Edad de los Castillos |
| 15:05 | Construir | Town Center |
| 15:09 | Construir | Town Center |
| 15:20 | Construir | Town Center |
| 15:26 | Investigar | Bow Saw |
| 15:27 | Crear | Villager (Male) |
| 15:31 | Construir | Farm |
| 15:44 | Crear | Villager (Male) |
| 15:56 | Construir | Farm |
| 15:59 | Crear | Villager (Male) |
| 16:24 | Construir | Farm |
| 16:27 | Construir | Farm |
| 16:27 | Crear | Villager (Male) |
| 16:28 | Crear | Villager (Male) |
| 16:31 | Crear | Villager (Male) |
| 16:31 | Crear | Villager (Male) |
| 16:48 | Crear | Villager (Male) |
| 16:51 | Construir | Farm |
| 16:53 | Construir | Farm |
| 17:02 | Crear | Villager (Male) |
| 17:02 | Crear | Villager (Male) |
| 17:02 | Crear | Villager (Male) |
| 17:09 | Construir | Farm |
| 17:11 | Construir | Farm |
| 17:13 | Construir | Farm |
| 17:16 | Construir | Farm |
| 17:17 | Crear | Villager (Male) |
| 17:25 | Construir | Farm |
| 17:28 | Crear | Villager (Male) |
| 17:39 | Crear | Villager (Male) |
| 17:40 | Crear | Villager (Male) |
| 17:40 | Crear | Villager (Male) |
| 17:43 | Construir | Farm |
| 17:49 | Construir | Farm |
| 17:51 | Construir | Farm |
| 17:52 | Crear | Villager (Male) |
| 17:58 | Crear | Villager (Male) |
| 18:04 | Construir | Farm |
| 18:05 | Construir | Farm |
| 18:08 | Construir | Farm |
| 18:11 | Crear | Villager (Male) |
| 18:11 | Crear | Villager (Male) |
| 18:11 | Crear | Villager (Male) |
| 18:15 | Construir | Farm |
| 18:21 | Crear | Villager (Male) |
| 18:25 | Construir | House |
| 18:26 | Construir | House |
| 18:27 | Construir | House |
| 18:34 | Crear | Villager (Male) |
| 18:39 | Crear | Villager (Male) |
| 18:44 | Construir | Farm |
| 18:47 | Crear | Villager (Male) |
| 18:47 | Crear | Villager (Male) |
| 18:52 | Construir | House |
| 18:53 | Construir | House |
| 18:54 | Construir | House |
| 18:59 | Crear | Villager (Male) |
| 19:05 | Construir | Farm |
| 19:06 | Construir | Farm |
| 19:10 | Construir | Farm |
| 19:12 | Crear | Villager (Male) |
| 19:15 | Construir | Lumber Camp |
| 19:19 | Crear | Villager (Male) |
| 19:20 | Crear | Villager (Male) |
| 19:21 | Crear | Villager (Male) |
| 19:27 | Construir | Mining Camp |
| 19:33 | Crear | Villager (Male) |
| 19:33 | Crear | Villager (Male) |
| 19:35 | Construir | Farm |
| 19:37 | Construir | Farm |
| 19:42 | Crear | Villager (Male) |
| 19:42 | Crear | Villager (Male) |
| 19:49 | Construir | Farm |
| 19:52 | Crear | Villager (Male) |
| 19:55 | Crear | Villager (Male) |
| 20:02 | Construir | Farm |
| 20:06 | Construir | Farm |
| 20:07 | Construir | House |
| 20:09 | Crear | Villager (Male) |
| 20:13 | Crear | Villager (Male) |
| 20:13 | Crear | Villager (Male) |
| 20:13 | Crear | Villager (Male) |
| 20:25 | Investigar | Heavy Plow |
| 20:37 | Construir | House |
| 20:39 | Construir | House |
| 20:41 | Construir | House |
| 20:44 | Construir | House |
| 20:46 | Crear | Villager (Male) |
| 20:48 | Investigar | Wheelbarrow |
| 20:48 | Crear | Villager (Male) |
| 20:52 | Construir | Farm |
| 21:08 | Crear | Villager (Male) |
| 21:15 | Construir | Farm |
| 21:17 | Construir | House |
| 21:23 | Crear | Villager (Male) |
| 21:24 | Crear | Villager (Male) |
| 21:24 | Crear | Villager (Male) |
| 21:24 | Crear | Villager (Male) |
Cronología de la partida
| 9:30 | PorT_Lobo · age_up feudal |
| 9:42 | Rett Mikhal · first_building Barracks |
| 10:26 | PorT_Lobo · first_market_sell 100 stone |
| 11:01 | edengr7 · age_up feudal |
| 11:03 | darkvandar · age_up feudal |
| 11:24 | PorT_Oligarva · age_up feudal |
| 11:30 | Rett Mikhal · age_up feudal |
| 11:31 | PorT_Lithium · age_up feudal |
| 11:37 | PorT_Lithium · first_building Stable |
| 12:01 | pedrotavares123 · age_up feudal |
| 13:08 | PorT_Lobo · age_up castle |
| 13:12 | PorT_Lobo · first_building Siege Workshop |
| 13:32 | PorT_Lobo · wall_segment Palisade Wall x2 |
| 13:37 | PorT_Lobo · wall_segment Palisade Wall x1 |
| 13:59 | darkvandar · first_market_buy 100 stone |
| 14:04 | NorthCombattant · first_building Barracks |
| 14:25 | NorthCombattant · first_market_sell 100 wood |
| 14:31 | PorT_Lithium · age_up castle |
| 14:56 | edengr7 · age_up castle |
| 15:03 | darkvandar · age_up castle |
| 15:05 | edengr7 · first_building Castle |
| 15:09 | edengr7 · first_building Siege Workshop |
| 16:12 | PorT_Oligarva · age_up castle |
| 16:46 | pedrotavares123 · age_up castle |
| 16:48 | Rett Mikhal · first_market_buy 100 food |
| 17:49 | PorT_Oligarva · first_building Castle |
| 17:56 | edengr7 · first_market_buy 100 wood |
| 18:53 | pedrotavares123 · first_building Castle |
| 19:39 | Rett Mikhal · age_up castle |
| 20:10 | NorthCombattant · first_building Stable |
| 21:16 | NorthCombattant · first_building Monastery |
| 23:27 | darkvandar · first_building Monastery |
| 24:31 | darkvandar · first_building Barracks |
| 26:27 | PorT_Lobo · wall_segment Stone Wall x12 |
| 26:41 | darkvandar · first_building Siege Workshop |
| 27:00 | pedrotavares123 · first_building Barracks |
| 27:28 | edengr7 · first_building Monastery |
| 27:41 | darkvandar · age_up imperial |
| 28:37 | NorthCombattant · first_building Siege Workshop |
| 28:38 | pedrotavares123 · wall_segment Stone Wall x2 |
| 28:39 | PorT_Lobo · wall_segment Stone Wall x4 |
| 28:47 | edengr7 · first_building Barracks |
| 29:22 | pedrotavares123 · first_building Archery Range |
| 29:32 | NorthCombattant · first_market_buy 100 stone |
| 29:46 | NorthCombattant · first_building Castle |
| 31:34 | darkvandar · first_building Castle |
| 32:00 | pedrotavares123 · age_up imperial |
| 32:03 | PorT_Lithium · first_market_buy 100 stone |
| 32:17 | PorT_Lithium · age_up imperial |
| 32:53 | pedrotavares123 · resign |
| 33:42 | edengr7 · first_building Archery Range |
| 34:35 | PorT_Oligarva · first_building Siege Workshop |
| 34:43 | PorT_Lobo · first_building Castle |
| 35:48 | PorT_Lobo · first_market_buy 100 wood |
| 35:51 | PorT_Lithium · first_building Monastery |
| 36:35 | PorT_Oligarva · age_up imperial |
| 38:41 | PorT_Lobo · age_up imperial |
| 40:48 | darkvandar · tribute_sent a jugador 1 |
| 40:48 | darkvandar · tribute_sent a jugador 2 |
| 40:48 | darkvandar · tribute_sent a jugador 3 |
| 40:48 | darkvandar · tribute_sent a jugador 4 |
| 40:48 | darkvandar · tribute_sent a jugador 5 |
| 40:48 | darkvandar · tribute_sent a jugador 6 |
| 40:48 | darkvandar · tribute_sent a jugador 7 |
| 41:27 | PorT_Lobo · first_building Barracks |
| 41:53 | PorT_Oligarva · tribute_sent a jugador 1 |
| 41:53 | PorT_Oligarva · tribute_sent a jugador 2 |
| 41:53 | PorT_Oligarva · tribute_sent a jugador 3 |
| 41:53 | PorT_Oligarva · tribute_sent a jugador 5 |
| 41:53 | PorT_Oligarva · tribute_sent a jugador 6 |
| 41:53 | PorT_Oligarva · tribute_sent a jugador 7 |
| 41:53 | PorT_Oligarva · tribute_sent a jugador 8 |
[ ANÁLISIS IA · 1 CRÉDITO ]
¿Qué pasó realmente en esta partida?
Wolo.gg analiza cada decisión: build order, eco, micro, errores típicos por bracket. Análisis personalizado por WhatsApp o Discord en 30 segundos.
Guía civ
Maya
Perfil
Jugador #14945251